 Dungeon Crawl Stone Soup version 0.31.0-1-g2c135a0 (webtiles) character file.

Game seed: 4128957422448703909

31 Stoats the Trooper (level 3, 34/34 HPs)
             Began as a Minotaur Fighter on Feb 2, 2024.
             Was an Initiate of Ashenzari.
             Quit the game on level 1 of the Dungeon.
             The game lasted 00:01:10 (767 turns).

Stoats the Trooper (Minotaur Fighter)                Turns: 767, Time: 00:01:11

Health: 34/34      AC:  8    Str: 20    XL:     3   Next: 7%
Magic:  2/2        EV:  9    Int:  7    God:    Ashenzari [......]
Gold:   29         SH:  4    Dex:  9    Spells: 2/2 levels left

rFire   . . .        a - +0 war axe
rCold   . . .        c - +0 buckler
rNeg    . . .        b - +0 scale mail
rPois   .            (helmet restricted)
rElec   .            l - +0 cloak
rCorr   .            (no gloves)
SInv    .            (no boots)
Will    .....        k - amulet of magic regeneration Stlth
                     (no ring)
HPRegen 0.25/turn    (no ring)
MPRegen 0.48/turn

%: no passive effects
@: no status effects
A: horns 2, retaliatory headbutt
a: Renounce Religion


You were on level 1 of the Dungeon.
You worshipped Ashenzari.
Ashenzari was noncommittal.
You visited 1 branch of the dungeon, and saw 1 of its levels.

You collected 29 gold pieces.

Inventory:

Hand Weapons
 a - a +0 war axe (weapon)
Armour
 b - a +0 scale mail (worn)
 c - a +0 buckler (worn)
 l - a +0 cloak (worn)
Jewellery
 k - an amulet of magic regeneration (around neck)
Scrolls
 g - a scroll of identify {unknown}
 i - a scroll of poison {unknown}
 j - a scroll of silence {unknown}
 m - a scroll of fear {unknown}
Potions
 d - a potion of might
 e - a potion of curing {unknown}
 f - 2 potions of brilliance {unknown}
 h - a potion of haste {unknown}


   Skills:
 + Level 4.5 Fighting
 * Level 3.4 Axes
 - Level 3.6 Armour
 - Level 3.6 Shields


You had 2 spell levels left.
You didn't know any spells.
Your spell library contained the following spells:

 Spells                   Type           Power      Damage    Failure   Level
 Freeze                   Ice            0%         1d3       85%         1
 Shock                    Conj/Air       0%         1d3       85%         1
 Frozen Ramparts          Ice            0%         1d1       99%         3
 Hailstorm                Conj/Ice       0%         3d5       99%         3
 Swiftness                Air            0%         N/A       99%         3
 Airstrike                Air            0%         2d(0-16)  100%        4


Dungeon Overview and Level Annotations

Branches:
Dungeon (1/15)

Altars:
Ashenzari


Innate Abilities, Weirdness & Mutations

You have a pair of horns on your head.
You reflexively headbutt those who attack you in melee.


Message History

There is a stone staircase leading down here.
You see here a ball python skeleton.
Things that are here:
a +0 club; 2 stones A hobgoblin comes into view.
The hobgoblin shouts!
The hobgoblin moves out of view.
There's nothing to open nearby.
The hobgoblin hits you but does no damage.
You hit the hobgoblin.
You headbutt the hobgoblin, but do no damage.
The hobgoblin is moderately wounded.
The hobgoblin hits you but does no damage.
You closely miss the hobgoblin. Your headbutt misses the hobgoblin.
The hobgoblin is moderately wounded.
The hobgoblin barely misses you.
A hobgoblin is nearby!
A hobgoblin is nearby!
A hobgoblin is nearby!
You barely miss the hobgoblin. Your headbutt misses the hobgoblin.
You block the hobgoblin's attack. The hobgoblin closely misses you.
You slash the hobgoblin!
You kill the hobgoblin!
No target in view!
m - a scroll labelled FAHUCW TAUJI You pick up a book of Air and begin reading...
You add the spells Shock, Swiftness and Airstrike to your library.
Found a faded altar of an unknown god.
You enter the shallow water.
Moving in this stuff is going to be slow.
Things that are here:
a +0 robe; a human skeleton
There is a faded altar of an unknown god here.
This altar belongs to (a) Ashenzari, (b) Cheibriados or (c) Gozag, but you can't tell which.
Press the corresponding letter to learn more about a god, or press enter to convert or escape to cancel.
Ashenzari accepts your prayer! Ashenzari welcomes you!
Ashenzari warns you of distant threats and treasures.
Ashenzari shows you where magical portals lie.
Done exploring.
You aren't carrying any items that you can evoke.
Are you sure you want to abandon this character and quit the game? (Confirm with "yes".)

#..#....###.##
##..#....##..##################
#...#.....>÷.).................
#..†........##......###.†.....#
###.##................#.......#
#.##...###.#......#.#.......#
#.##...###.#......#.#########
#.##......#####...#.#
#.##....###♣@♣#####.#######
#.##...##P...[.P###.#.....###
#.##...#P..P~~..P##.#.###...#
#.##...##..P~~..###.#.#.#...#
#.##....##P...P## #.#...#...#
#†##.##+####.### #.###.#....
#.##.##..#P##.P# #.###.#....
#.......##....## #.#......#.
###.[...#.P#### #........#.


There were no monsters in sight!

Vanquished Creatures
  A dart slug (D:1)
  3 ball pythons (D:1)
  3 endoplasms (D:1)
  3 goblins (D:1)
  3 hobgoblins (D:1)
  4 jackals (D:1)
  A bat (D:1)
  2 frilled lizards (D:1)
  3 kobolds (D:1)
  A rat (D:1)
24 creatures vanquished.

Notes
Turn   | Place    | Note
-------+----------+-------------------------------------------
     0 | D:1      | Stoats the Minotaur Fighter began the quest for the Orb.
     0 | D:1      | Reached XP level 1. HP: 19/19 MP: 0/0
   119 | D:1      | Reached skill level 4 in Fighting
   172 | D:1      | Reached XP level 2. HP: 27/27 MP: 1/1
   587 | D:1      | Reached XP level 3. HP: 34/34 MP: 2/2
   758 | D:1      | Found a faded altar of an unknown god.
   766 | D:1      | Prayed at the altar of an unknown god.
   766 | D:1      | Became a worshipper of Ashenzari the Shackled
   767 | D:1      | Quit the game

Illustrated notes

Levels and vault maps discovered:
D:1:      heliophobic_arrival_dark_side_of_the_moon, layout_basic,
          dreamdust_ecumenical_altar_hidden_monk_grotto

Skill      XL: |  1  2 |
---------------+-------+-----
Fighting       | 4 |  4.5
Axes           | 3 |  3.4
Armour         | |  3.6
Shields        | |  3.6

Action                     || total
---------------------------++-------
  Melee: War axe           ||    42
         Headbutt          ||     9
 Armour: Scale mail        ||    23
  Dodge: Dodged            ||    14
  Block: Buckler           ||    16
